 Dungeon Crawl Stone Soup version 0.20.0-15-g7f486f2 (webtiles) character file.

101 botchamania the Insei (level 4, -9/28 HPs)
             Began as an Octopode Transmuter on June 26, 2017.
             Mangled by robba's ghost (15 damage)
             ... on level 4 of the Dungeon.
             The game lasted 00:10:15 (3893 turns).

botchamania the Insei (Octopode Transmuter)         Turns: 3893, Time: 00:10:16

Health: -9/28      AC:  2    Str:  9    XL:     4   Next: 75%
Magic:  2/7        EV: 19    Int: 16    God:
Gold:   124        SH:  0    Dex: 17    Spells: 1/7 levels left

rFire    . . .     SeeInvis .     - Unarmed
rCold    . . .     Gourm    .   (shield currently unavailable)
rNeg     . . .     Faith    .   (helmet currently unavailable)
rPois    x         Spirit   .   (no amulet)
rElec    .         Reflect  .   l - ring of resist corrosion
rCorr    +         Harm     .   (no ring)
MR       +....                  (no ring)
Stlth    ++........             (no ring)
Regen    0.1/turn               (no ring)
MPRegen  0.1/turn               (no ring)
                                (no ring)
                                (no ring)

@: spider-form
A: almost no armour, stealthy swim, (amphibious), 8 rings, (constrict 8), magic
resistance 1, wild magic 1
a: End Transformation


You were on level 4 of the Dungeon.
You were hungry.
You were a venomous arachnid creature.
You visited 1 branch of the dungeon, and saw 4 of its levels.

You collected 124 gold pieces.

Inventory:

Hand Weapons
 g - a +0 dagger
 j - a cursed +0 club
 m - a +0 dagger
 q - a +0 whip
Missiles
 a - 3 arrows
 d - 32 poisoned needles
 o - 93 bolts
 s - 138 stones (quivered)
Armour
 y - a scarf of cloud immunity
Jewellery
 k - an uncursed ring of ice
 l - a ring of resist corrosion (left front leg)
Scrolls
 r - 2 scrolls of teleportation
Potions
 p - a potion of lignification
 z - a potion of agility {unknown}
 B - a potion of might {unknown}
Books
 b - a book of Changes

   Spells                             Type                      Level
   a - Beastly Appendage              Transmutation                1
   b - Sticks to Snakes               Transmutation                2
   c - Spider Form                    Transmutation/Poison         3
   d - Ice Form                       Ice/Transmutation            4
   e - Blade Hands                    Transmutation                5
Comestibles
 c - 2 bread rations
 i - a royal jelly
 n - 6 fruits


   Skills:
 - Level 1.0 Fighting
 - Level 2.0 Dodging
 + Level 4.1 Unarmed Combat
 - Level 2.0 Spellcasting
 - Level 3.0 Transmutations
 + Level 2.5 Poison Magic


You had one spell level left.
You knew the following spells:

 Your Spells              Type           Power        Failure   Level  Hunger
a - Beastly Appendage     Tmut           ##....       24%         1    #......
b - Sticks to Snakes      Tmut           ##......     30%         2    ###....
c - Spider Form           Tmut/Pois      ##........   50%         3    ###....


Dungeon Overview and Level Annotations

Branches:
Dungeon (4/15)
 Temple: D:4-7

Altars:

Annotations:
D:4 robba's ghost, amateur HuFi


Innate Abilities, Weirdness & Mutations

You cannot wear most types of armour.
You are very stealthy in the water. (Stealth+)
((You are amphibious.))
You can wear up to eight rings at the same time.
((You can use your tentacles to constrict eight enemies at once.))
((Your skin changes colour to match your surroundings (Stealth+).))
((Your rubbery body absorbs attacks. (AC +1, EV +1)))
((You have a pair of small antennae on your head.))
You are resistant to hostile enchantments. (MR+)
Your spells are a little harder to cast, but a little more powerful.


Message History

Confirm with . or Enter, or press ? or * to list all spells.
You turn into a venomous arachnid creature.
The hound stops to sniff the ground.
Robba's ghost screams, "Very impressive.
But it won't help.
Nothing will."
The hound completely misses you.
You barely miss the hound.
The hound is almost dead.
The hound bites you.
* * * LOW HITPOINT WARNING * * *
Unknown command.
You hit the hound.
You kill the hound!
Your Unarmed Combat skill increases to level 4!
Okay, then.
It was a potion of mutation.
You feel extremely strange. A pair of antennae grows on your head!
You feel less in control of your magic.
You feel resistant to hostile enchantments.
Robba's ghost hits you!
Ouch! That really hurt!
You die...

#### #####
### ##.##
##...## ##
#.....####.##
#
#.........#.#
#
##W....####.#
# #s#...##
#.# # ####.##
#.# ### #.#
#h# #.# #.#
#####.#####
#.%.......#
#.#.#.###S#


You could see robba's ghost.

Vanquished Creatures
  A hound (D:4)
  2 worms (D:4)
  2 leopard geckos (D:2)
  3 orcs (D:3)
  2 giant cockroaches
  3 goblins
  5 hobgoblins
  8 jackals
  A quokka (D:2)
  4 bats
  7 frilled lizards
  3 kobolds (D:1)
  6 rats
47 creatures vanquished.

Vanquished Creatures (collateral kills)
  2 adders
  A worm (D:2)
  A dart slug (D:3)
  2 orcs (D:3)
  A goblin (D:1)
  A hobgoblin (D:2)
  2 kobolds (D:2)
  A rat (D:2)
11 creatures vanquished.

Grand Total: 58 creatures vanquished

Notes
Turn   | Place    | Note
-------+----------+-------------------------------------------
     0 | D:1      | botchamania the Octopode Transmuter began the quest for the Orb.
     0 | D:1      | Reached XP level 1. HP: 13/13 MP: 3/3
   553 | D:1      | Reached XP level 2. HP: 16/18 MP: 3/5
   596 | D:1      | Learned a level 2 spell: Sticks to Snakes
  1362 | D:1      | Reached XP level 3. HP: 23/23 MP: 4/6
  1378 | D:1      | Learned a level 3 spell: Spider Form
  1930 | D:2      | Reached skill level 1 in Poison Magic
  2720 | D:3      | Reached XP level 4. HP: 12/28 MP: 1/7
  3824 | D:4      | HP: 1/28 [hound (2)]
  3860 | D:4      | Noticed robba's ghost (amateur HuFi)
  3892 | D:4      | Reached skill level 4 in Unarmed Combat
  3893 | D:4      | Gained mutation: You have a pair of small antennae on your head. [potion of mutation]
  3893 | D:4      | Gained mutation: Your spells are a little harder to cast, but a little more powerful. [potion of mutation]
  3893 | D:4      | Gained mutation: You are resistant to hostile enchantments. (MR+) [potion of mutation]
  3893 | D:4      | Mangled by robba's ghost

Skill      XL: |  1  2  3  4 |
---------------+-------------+-----
Transmutations | 3 |  3.0
Poison Magic   | 1 2 |  2.5
Unarmed Combat | 4 |  4.1
Fighting       | |  1.0
Dodging        | |  2.0
Spellcasting   | |  2.0

Action                   |  1- 3 |  4- 6 || total
-------------------------+-------+-------++-------
Melee: Unarmed           |    84 |    39 ||   123
       Constrict         |    24 |     6 ||    30
       Kick              |     9 |     3 ||    12
       Tentacles         |     6 |     5 ||    11
       Punch             |     2 |     1 ||     3
Throw: Stone             |     6 |     3 ||     9
 Cast: Beastly Appendage |    28 |     5 ||    33
       Sticks to Snakes  |    14 |    11 ||    25
       Spider Form       |       |     1 ||     1
  Use: Scroll            |       |     8 ||     8
       Potion            |       |     5 ||     5
 Stab: Sleeping          |     1 |     1 ||     2
  Eat: Chunk             |     7 |     3 ||    10
       Fruit             |       |     1 ||     1
Armor: Skin              |     6 |     2 ||     8
Dodge: Dodged            |    56 |    30 ||    86
